 Dungeon Crawl Stone Soup version 0.29-a0-775-g4d7333d4e2 (webtiles) character file.

Game seed: 4599925129667125246

68131 Mesmaeker13 the Impaler (level 14, -8/136 HPs)
             Began as a Minotaur Gladiator on July 1, 2022.
             Was an Initiate of Yredelemnul.
             Mangled by a two-headed ogre
             ... wielding a +0 giant club
              (9 damage)
             ... on level 2 of the Orcish Mines.
             The game lasted 00:38:03 (24271 turns).

Mesmaeker13 the Impaler (Minotaur Gladiator)       Turns: 24271, Time: 00:38:04

Health: -8/136     AC: 24    Str: 26    XL:     14   Next: 85%
Magic:  16/16      EV:  9    Int:  7    God:    Yredelemnul [......]
Gold:   1724       SH: 11    Dex: 11    Spells: 13/13 levels left

rFire   + + .      SeeInvis .   T - +3 trident (flame)
rCold   . . .      Faith    .   a - +0 kite shield
rNeg    . . .      Spirit   .   F - +0 chain mail of Gallantry {rF+ Str+3}
rPois   .          Reflect  .   c - +0 hat
rElec   .          Harm     .   r - +0 cloak
rCorr   .          Rampage  .   C - +0 pair of gloves
Will    +....                   k - +2 pair of boots
Stlth   ..........              N - amulet of the acrobat
HPRegen 0.32/turn               V - +4 ring of protection
MPRegen 0.15/turn               x - ring of protection from fire

@: no status effects
A: horns 2, retaliatory headbutt
a: Renounce Religion, Recall Undead Harvest


You were on level 2 of the Orcish Mines.
You worshipped Yredelemnul.
Yredelemnul was noncommittal.
You visited 3 branches of the dungeon, and saw 19 of its levels.
You also visited: Ossuary, Ice Cave and Volcano.

You collected 1980 gold pieces.
You spent 256 gold pieces at shops.

Inventory:

Hand Weapons
 m - the +5 spear of Imywiusk {vorpal, rElec}
   (You found it in an ice cave)

   It inflicts extra damage upon your enemies.
   rElec:     It insulates you from electricity.
 K - the +5 sling of the Beginning {vorpal, rF- Str+8}
   (You found it on level 6 of the Lair of Beasts)

   Any ammunition fired from it inflicts extra damage upon your enemies.
   Str:       It affects your strength (+8).
   rF:        It makes you vulnerable to fire.
 T - a +3 trident of flaming (weapon)
Missiles
 G - 10 javelins (quivered)
Armour
 a - a +0 kite shield (worn)
 c - a +0 hat (worn)
 k - a +2 pair of boots (worn)
 r - a +0 cloak (worn)
 C - a +0 pair of gloves (worn)
 F - the +0 chain mail of Gallantry (worn) {rF+ Str+3}
   (You bought it in a shop on level 7 of the Dungeon)

   Str:       It affects your strength (+3).
   rF:        It protects you from fire.
 I - +0 ice dragon scales
Jewellery
 w - an amulet of reflection
 x - a ring of protection from fire (right hand)
 M - the ring of Sengoseu {Ice rCorr Str+2}
   (You found it on level 6 of the Lair of Beasts)

   [ring of ice]

   It enhances your ice magic.
   Str:       It affects your strength (+2).
   rF:        It makes you vulnerable to fire.
   rC:        It protects you from cold.
   rCorr:     It protects you from acid and corrosion.
 N - an amulet of the acrobat (around neck)
 V - a +4 ring of protection (left hand)
Wands
 t - a wand of mindburst (10)
 L - a wand of flame (9)
 R - a wand of charming (13)
Scrolls
 b - a scroll of silence
 d - 2 scrolls of fog
 g - 3 scrolls of fear
 j - a scroll of magic mapping
 n - 4 scrolls of enchant armour
 q - 9 scrolls of teleportation
 y - 2 scrolls of blinking
 E - 2 scrolls of immolation
Potions
 e - 2 potions of ambrosia {unknown}
 h - 8 potions of curing
 i - 4 potions of cancellation {unknown}
 l - 6 potions of might
 o - 6 potions of heal wounds {unknown}
 p - 3 potions of lignification
 s - a potion of flight {unknown}
 v - 4 potions of brilliance {unknown}
 A - 3 potions of attraction
 B - 2 potions of magic {unknown}
 D - 3 potions of haste {unknown}
 P - a potion of resistance {unknown}
Miscellaneous
 H - a tin of tremorstones (2/2)


   Skills:
 + Level 15.7 Fighting
 + Level 15.9 Polearms
 - Level 2.0 Throwing
 + Level 15.2 Armour
 - Level 4.0 Dodging
 + Level 10.3 Shields
 - Level 4.2 Invocations
 + Level 9.9 Evocations


You had 13 spell levels left.
You didn't know any spells.
Your spell library contained the following spells:

 Spells                   Type           Power      Damage    Failure   Level
 Beastly Appendage        Tmut           0%         N/A       98%         1
 Foxfire                  Conj/Fire      0%         2x1d4     98%         1
 Freeze                   Ice            0%         1d3       98%         1
 Magic Dart               Conj           0%         1d3       98%         1
 Sandblast                Erth           0%         2d4       98%         1
 Summon Small Mammal      Summ           0%         N/A       98%         1
 Blink                    Tloc           0%         N/A       99%         2
 Passwall                 Tmut/Erth      0%         N/A       99%         2
 Wereblood                Tmut           0%         N/A       99%         2
 Call Canine Familiar     Summ           0%         N/A       100%        3
 Conjure Flame            Conj/Fire      0%         6-21      100%        3
 Dazzling Flash           Conj/Hex       0%         N/A       100%        3
 Frozen Ramparts          Ice            0%         1d2       100%        3
 Ignite Poison            Fire/Tmut/Pois 0%         N/A       100%        3
 Inner Flame              Hex/Fire       0%         N/A       100%        3
 Lesser Beckoning         Tloc           0%         N/A       100%        3
 Mephitic Cloud           Conj/Pois/Air  0%         N/A       100%        3
 Ozocubu's Armour         Ice            0%         N/A       100%        3
 Portal Projectile        Hex/Tloc       0%         N/A       100%        3
 Spider Form              Tmut/Pois      0%         N/A       100%        3
 Stone Arrow              Conj/Erth      0%         3d7       100%        3
 Summon Guardian Golem    Hex/Summ       0%         N/A       100%        3
 Cause Fear               Hex            0%         N/A       100%        4
 Flame Wave               Conj/Fire      0%         2d4       100%        4
 Leda's Liquefaction      Hex/Erth       0%         N/A       100%        4
 Petrify                  Tmut/Erth      0%         N/A       100%        4
 Agony                    Necr           0%         N/A       100%        5
 Freezing Cloud           Conj/Ice/Air   0%         6-21      100%        5
 Iskenderun's Battlesphe  Conj           0%         2d6       100%        5
 Manifold Assault         Tloc           0%         N/A       100%        5
 Metabolic Englaciation   Hex/Ice        0%         N/A       100%        5
 Silence                  Hex/Air        0%         N/A       100%        5
 Iron Shot                Conj/Erth      0%         9d1       100%        6
 Statue Form              Tmut/Erth      0%         N/A       100%        6
 Ozocubu's Refrigeration  Ice            0%         4d5       100%        7
 Spellforged Servitor     Conj/Summ      0%         N/A       100%        7
 Discord                  Hex            0%         N/A       100%        8


Dungeon Overview and Level Annotations

Branches:
Dungeon (11/15)            Temple (0/1) D:7            Lair (6/6) D:9
 Shoals (0/4) Lair:4        Snake (0/4) Lair:2        Slime (0/5) Lair:6
    Orc (2/2) D:11        Ossuary (visited)           IceCv (visited)
Volcano (visited)
    Elf: Orc:2

Altars:
Cheibriados
Elyvilon
Hepliaklqana
Kikubaaqudgha
Nemelex Xobeh
Qazlal
Sif Muna
Trog
Uskayaw
Vehumet
Wu Jian
Xom
Yredelemnul
Zin
The Shining One
Jiyva

Shops:
D:7 [   Orc:2 ??

Annotations:
D:3 3 runed translucent doors, DuloT34's ghost, amateur BaAM
D:8 2 transporters, Zebulonius's ghost, novice DECj
Lair:1 1 runed translucent door, Uhykki's ghost, journeyman DjFE
Lair:3 1 runed translucent door, DuloT34's ghost, journeyman VSBr


Innate Abilities, Weirdness & Mutations

You have a pair of horns on your head.
You reflexively headbutt those who attack you in melee.


Message History

The ogre closely misses you.
You puncture the orc warrior! You burn the orc warrior.
You headbutt the orc warrior, but do no damage.
The orc warrior is severely wounded.
The orc warrior hits you but does no damage.
You block the orc's attack.
You puncture the orc warrior! You burn the orc warrior.
You kill the orc warrior!
You block the ogre's attack. The orc closely misses you.
You hit the ogre. You burn the ogre.
The ogre is moderately wounded.
Unknown command.
You puncture the ogre! You burn the ogre.
The ogre is almost dead.
The orc barely misses you. You furiously retaliate!
You headbutt the orc. You hit the ogre. You burn the ogre.
You kill the ogre!
The dead are walking!
Your ogre zombie hits the orc!
The orc dies!
No target in view!
No target in view!
You climb downwards.
Your mindless puppet stays behind to rot.
The two-headed ogre shouts in stereo!
The ogre shouts! x2
The ogre barely misses you.
The ogre hits you with a +0 giant club!!
The ogre hits you with a +0 giant club!
The two-headed ogre hits you but does no damage.
You block the two-headed ogre's attack.
There is a stone staircase leading up, spattered with blood here.
The ogre hits you with a +0 giant club!!
The ogre barely misses you. Something hits you.
Deactivating autopickup; reactivate with Ctrl-A.
The ogre hits you with a +0 giant club!
* * * LOW HITPOINT WARNING * * *
The cyclops throws a large rock.
The large rock hits you!!!
* * * LOW HITPOINT WARNING * * *
The two-headed ogre hits you with a +0 giant club!
You die...
Your body rises from the dead as a mindless zombie.

.# .........
.#.....## .......#
......{.####......##
....C....##........##
..T.......$#........#
..............{)[.$#
..OT.......O.)..O).##
.....))....O.C.)@O..#
.....)..#).O....OO..#
∩..O..)....)........#
..o.....#..O.......##
..O...##.....[#....##
..#O...........)....#
. ###.........[....##
###...#...[[....#
##.####.)....##


You could see 2 two-headed ogres, a cyclops and 6 ogres.

Vanquished Creatures
  A reaper (IceCv)
  2 boulder beetles
  5 hydras
  2 catoblepae
  7 two-headed ogres
  A deep troll shaman (Lair:6)
  8 death yaks (Lair:6)
  A sun demon (Volcano)
  Amaemon (Lair:3)
  2 deep trolls
  A lindwurm (Lair:6)
  An orc sorcerer (Volcano)
  A cyclops (Orc:1)
  2 ugly things
  2 elephants (Lair:6)
  An ice statue (IceCv)
  A gargoyle (D:11)
  A molten gargoyle (Volcano)
  14 cane toads
  An orange demon (Lair:3)
  3 rime drakes
  2 unseen horrors
  Psyche (D:8)
  8 komodo dragons
  An anaconda simulacrum (IceCv)
  A freezing wraith (IceCv)
  An entropy weaver simulacrum (IceCv)
  An ice devil (IceCv)
  5 meliai (Lair:2)
  A red devil (Volcano)
  A hydra zombie (Lair:6)
  A queen bee (Lair:2)
  12 blink frogs
  Grinder (D:3)
  A hornet (D:9)
  9 trolls
  5 dream sheep (Lair:6)
  A snapping turtle (Lair:4)
  Sigmund (D:6)
  29 yaks
  4 wyverns
  2 vampire mosquitoes (D:11)
  Menkaure (D:4)
  2 basilisks
  A death yak simulacrum (IceCv)
  2 steam dragons
  2 wargs (D:9)
  3 acid dragons
  Edmund (D:3)
  A naga (Lair:2)
  10 water moccasins
  2 hell hounds (Volcano)
  2 elephant zombies (Lair:6)
  A sky beast (D:8)
  9 orc warriors
  4 black bears
  11 ogres
  14 wolves
  2 centaurs
  12 bullfrogs
  A cane toad simulacrum (IceCv)
  A gnoll sergeant (D:9)
  4 scorpions
  6 two-headed ogre simulacra (IceCv)
  10 wights
  18 killer bees
  3 elephant simulacra (IceCv)
  3 howler monkeys (D:8)
  4 lava snakes (Volcano)
  2 centaur zombies (Ossuary)
  A hound (D:7)
  6 orc priests
  A bouda (D:8)
  A jelly (D:5)
  A human zombie (Ossuary)
  Crazy Yiuf (D:5)
  Jessica (D:2)
  An iguana (D:7)
  8 orc wizards
  8 troll simulacra (IceCv)
  2 hell rats (Lair:1)
  9 spriggan simulacra (IceCv)
  2 wolf simulacra (IceCv)
  6 mummies
  6 adders
  10 gnolls
  3 naga simulacra (IceCv)
  A river rat (Lair:2)
  A shadow imp (D:5)
  13 white imps
  6 ufetubi (IceCv)
  4 worms
  A dart slug (D:5)
  34 orcs
  6 endoplasms
  2 giant cockroaches
  8 goblins
  14 hobgoblins
  3 jackals (D:2)
  3 quokkas
  12 ball pythons
  8 bats
  4 frilled lizards
  4 goblin zombies (Ossuary)
  A hobgoblin zombie (Ossuary)
  6 kobolds
  10 rats
486 creatures vanquished.

Vanquished Creatures (collateral kills)
  The ghost of Buerups the Slicer, a journeyman VSFi of Okawaru (Lair:6)
  A boulder beetle (Lair:6)
  A hydra (Lair:6)
  A dancing weapon (Lair:6)
  A two-headed ogre (D:11)
  4 death yaks (Lair:6)
  2 black mambas (Lair:6)
  2 elephants
  A molten gargoyle (Volcano)
  5 cane toads
  3 komodo dragons
  A rime drake (Lair:2)
  A troll (D:8)
  A meliai (Lair:2)
  A polar bear (Lair:6)
  10 blink frogs
  A wyvern (Lair:2)
  6 yaks
  2 nagas (Lair:2)
  4 water moccasins
  2 black bears (Lair:1)
  2 ogres (Orc:2)
  7 wolves
  A komodo dragon zombie (Lair:6)
  2 bullfrogs
  8 killer bees
  An orc priest (Orc:2)
  3 orc wizards
  4 hell rats
  A gnoll (D:9)
  4 white imps (D:11)
  12 orcs
96 creatures vanquished.

Vanquished Creatures (others)
  A catoblepas zombie (Lair:6)
  A spectral sun demon (Volcano)
  3 death yak zombies (Lair:6)
  2 hydra zombies
  A boulder beetle zombie (Lair:6)
  3 meliai zombies (Lair:2)
  2 black mamba zombies (Lair:6)
  A two-headed ogre zombie (D:10)
  A deep troll zombie (Orc:2)
  6 cane toad zombies
  2 dream sheep zombies (Lair:6)
  13 blink frog zombies
  A rime drake zombie (Lair:2)
  A komodo dragon zombie (Lair:2)
  A wyvern zombie (Lair:6)
  2 water moccasin zombies
  2 hell hound zombies (Volcano)
  7 yak zombies
  A polar bear zombie (Lair:6)
  2 troll zombies (Orc:2)
  6 wolf zombies
  3 bullfrog zombies
  A centaur zombie (D:8)
  A black bear zombie (Lair:6)
  10 killer bee zombies
  2 acid dragon zombies
  A naga zombie (Lair:2)
  4 ogre zombies (Orc:2)
  A hound zombie (D:7)
  2 hell rat zombies (Lair:1)
  A steam dragon zombie (D:8)
  A lava snake zombie (Volcano)
  A gnoll zombie (D:8)
  4 spectral white imps (IceCv)
  A river rat zombie (Lair:2)
  13 orc zombies
  3 spectral ufetubi (IceCv)
  A bush (Lair:6)
  A butterfly (D:10)
  67 fungi
  49 plants
226 creatures vanquished.

Grand Total: 808 creatures vanquished

Notes
Turn   | Place    | Note
-------+----------+-------------------------------------------
     0 | D:1      | Mesmaeker13 the Minotaur Gladiator began the quest for the
                  | Orb.
     0 | D:1      | Reached XP level 1. HP: 18/18 MP: 0/0
   157 | D:1      | Reached XP level 2. HP: 25/25 MP: 1/1
   782 | D:2      | Reached XP level 3. HP: 31/31 MP: 2/2
  1142 | D:2      | Found a faded altar of an unknown god.
  1163 | D:2      | Got Plato's Papyrus of Attacks
  1621 | D:3      | Noticed Jessica
  1636 | D:2      | Killed Jessica
  1637 | D:2      | Reached skill level 1 in Armour
  1637 | D:2      | Reached XP level 4. HP: 35/40 MP: 3/3
  1766 | D:3      | Noticed DuloT34's ghost (amateur BaAM)
  1898 | D:3      | Found a runed translucent gate.
  1898 | D:3      | Found a runed translucent gate.
  1898 | D:3      | Found a runed translucent gate.
  2096 | D:3      | Reached skill level 5 in Polearms
  2187 | D:3      | Noticed Grinder
  2216 | D:3      | Killed Grinder
  2217 | D:3      | Reached XP level 5. HP: 22/47 MP: 4/4
  2217 | D:3      | Reached XP level 6. HP: 26/55 MP: 5/5
  2410 | D:3      | Reached skill level 5 in Fighting
  2570 | D:3      | Found a sparkling altar of Nemelex Xobeh.
  2750 | D:4      | Noticed Edmund
  2794 | D:3      | Killed Edmund
  3317 | D:4      | Found an ornate altar of the Wu Jian Council.
  3322 | D:4      | Reached XP level 7. HP: 61/61 MP: 6/6
  3348 | D:4      | Noticed Menkaure
  3366 | D:4      | Killed Menkaure
  3581 | D:4      | Found a shimmering blue altar of Sif Muna.
  3582 | D:4      | Found an ancient bone altar of Kikubaaqudgha.
  3583 | D:4      | Found a radiant altar of Vehumet.
  3588 | D:4      | Got Vehumet's Reference Book on Confrontation
  3613 | D:5      | Entered Level 5 of the Dungeon
  3640 | D:5      | Found a glowing golden altar of the Shining One.
  4088 | D:5      | Found a runed translucent door.
  4089 | D:5      | Noticed Crazy Yiuf
  4264 | D:5      | Reached skill level 5 in Armour
  4447 | D:5      | Found a shimmering altar of Xom.
  4448 | D:5      | Found a basalt altar of Yredelemnul.
  4449 | D:5      | Found a stormy altar of Qazlal.
  4449 | D:5      | Found a hide-covered altar of Uskayaw.
  4456 | D:5      | Became a worshipper of Yredelemnul the Dark
  4545 | D:5      | Killed Crazy Yiuf
  4891 | D:6      | Noticed Sigmund
  4924 | D:6      | Reached XP level 8. HP: 56/71 MP: 7/7
  5104 | D:6      | Found a snail-covered altar of Cheibriados.
  5158 | D:6      | Found a sand-covered staircase.
  5164 | Ossuary  | Entered an ossuary
  5553 | D:6      | Killed Sigmund
  6345 | D:7      | Reached skill level 1 in Invocations
  6365 | D:7      | Found Quligaf's Antique Armour Emporium.
  6375 | D:7      | Bought a masterwork chain mail for 256 gold pieces
  6375 | D:7      | Identified the +0 chain mail of Gallantry {rF+ Str+3} (You
                  | bought it in a shop on level 7 of the Dungeon)
  6524 | D:7      | Reached XP level 9. HP: 64/82 MP: 9/9
  6626 | D:7      | Found a staircase to the Ecumenical Temple.
  6977 | D:8      | Noticed a troll
  7216 | D:8      | Identified the +0 pair of gloves of Panentheism {rElec
                  | Will- Int+3 Stlth+}
  7313 | D:8      | Reached * piety under Yredelemnul
  7482 | D:8      | Noticed a troll
  7489 | D:8      | Killed a troll
  7617 | D:8      | Reached ** piety under Yredelemnul
  7649 | D:8      | Found a transporter.
  7654 | D:8      | Found a transporter.
  7658 | D:8      | Noticed a moth of wrath
  7659 | D:8      | Found a bloodstained altar of Trog.
  7660 | D:8      | Noticed Zebulonius's ghost (novice DECj)
  8005 | D:8      | Killed a troll
  8362 | D:9      | Noticed Psyche
  8491 | D:8      | Killed Psyche
  8492 | D:8      | Reached skill level 10 in Polearms
  9230 | D:9      | Reached XP level 10. HP: 75/92 MP: 12/12
  9635 | D:9      | Reached skill level 1 in Evocations
  9642 | D:9      | Reached skill level 10 in Fighting
  9708 | D:9      | Found a staircase to the Lair.
 10025 | D:9      | Reached *** piety under Yredelemnul
 10219 | D:10     | Entered Level 10 of the Dungeon
 10386 | D:10     | Noticed a two-headed ogre
 10426 | Lair:1   | Entered Level 1 of the Lair of Beasts
 10588 | Lair:1   | Noticed a cane toad
 10595 | Lair:1   | Killed a cane toad
 10631 | Lair:1   | Found a runed translucent door.
 10633 | Lair:1   | Noticed Uhykki's ghost (journeyman DjFE)
 10642 | Lair:1   | Identified the +4 spear "Opleap" {vorpal, Str+4 Int-5
                  | Dex+4}
 10648 | Lair:1   | Noticed a cane toad
 10652 | Lair:1   | Killed a cane toad
 10653 | Lair:1   | Reached skill level 10 in Armour
 10686 | Lair:1   | Noticed a cane toad
 10694 | Lair:1   | Killed a cane toad
 10719 | Lair:1   | Reached **** piety under Yredelemnul
 10810 | Lair:1   | Reached ***** piety under Yredelemnul
 10811 | Lair:1   | Reached XP level 11. HP: 102/102 MP: 13/13
 11183 | Lair:1   | Noticed a spriggan rider
 11523 | Lair:2   | Found a staircase to the Snake Pit.
 11603 | Lair:2   | Reached skill level 5 in Evocations
 11615 | Lair:2   | Noticed a seven-headed hydra
 11628 | Lair:2   | Killed a seven-headed hydra
 12148 | Lair:2   | Found a glowing silver altar of Zin.
 12344 | Lair:2   | Reached skill level 1 in Shields
 12788 | Lair:2   | Reached XP level 12. HP: 97/113 MP: 14/14
 13569 | Lair:3   | Noticed Amaemon
 13589 | Lair:3   | Killed Amaemon
 14113 | Lair:3   | Found a dark tunnel.
 14118 | Volcano  | Entered a volcano
 14302 | Volcano  | Found a radiant altar of Vehumet.
 14445 | Volcano  | Identified the +0 helmet of Cienil {-Tele MP-9 Int+8
                  | Stlth+}
 14765 | Lair:3   | Found a runed translucent door.
 14773 | Lair:3   | Reached skill level 5 in Shields
 14915 | Lair:3   | Found a shimmering altar of Xom.
 14915 | Lair:3   | Noticed DuloT34's ghost (journeyman VSBr)
 16208 | Lair:4   | Found a staircase to the Shoals.
 16520 | Lair:5   | Noticed a seven-headed hydra
 16528 | Lair:5   | Killed a seven-headed hydra
 16611 | Lair:5   | Noticed a seven-headed hydra
 16621 | Lair:5   | Killed a seven-headed hydra
 16622 | Lair:5   | Reached XP level 13. HP: 89/122 MP: 15/15
 17319 | Lair:6   | Entered Level 6 of the Lair of Beasts
 18101 | Lair:6   | Found a staircase to the Slime Pits.
 18101 | Lair:6   | Found a viscous altar of Jiyva.
 18503 | Lair:6   | Reached ****** piety under Yredelemnul
 18567 | Lair:6   | Found a runed translucent door.
 18576 | Lair:6   | Found a shimmering altar of Xom.
 18576 | Lair:6   | Noticed Buerups's ghost (journeyman VSFi)
 18615 | Lair:6   | Killed Buerups's ghost
 18619 | Lair:6   | Identified the +5 sling of the Beginning {vorpal, rF-
                  | Str+8}
 18754 | Lair:6   | Reached skill level 15 in Polearms
 18754 | Lair:6   | Reached XP level 14. HP: 116/133 MP: 16/16
 19093 | Lair:6   | Reached skill level 15 in Fighting
 19293 | Lair:6   | Identified the ring of Sengoseu {Ice rCorr Str+2}
 19967 | D:10     | Found a white marble altar of Elyvilon.
 20003 | D:10     | Found a hazy altar of Hepliaklqana.
 20525 | D:11     | Found a frozen archway.
 20550 | IceCv    | Entered an ice cave
 20665 | IceCv    | Identified the +5 spear of Imywiusk {vorpal, rElec}
 21102 | IceCv    | Noticed a reaper
 21129 | IceCv    | Killed a reaper
 21171 | IceCv    | Identified the +4 scale mail "Liraal" {Regen+ Str-4 SInv}
 21178 | IceCv    | Got Sif Muna's Handbook of the Snowflakes
 22053 | D:11     | Found a staircase to the Orcish Mines.
 22616 | Orc:1    | Entered Level 1 of the Orcish Mines
 22840 | Orc:2    | Entered Level 2 of the Orcish Mines
 22883 | Orc:2    | Reached skill level 15 in Armour
 23128 | Orc:1    | Reached skill level 10 in Shields
 23711 | Orc:2    | Found Puhool's Magic Scroll Shoppe.
 23712 | Orc:2    | Found Xeqios's Magic Scroll Boutique.
 23723 | Orc:2    | Paralysed by something for 3 turns
 24271 | Orc:2    | HP: 1/136 [cyclops/large rock (38)]
 24271 | Orc:2    | Mangled by a two-headed ogre

Illustrated notes

Levels and vault maps discovered:
D:1:      shiori_arrival_maze, layout_loops_ring
D:2:      layout_basic, shapermc_ecumenical_altar_rom_forum
D:3:      minmay_diamond_boxcup, layout_basic, nemelex_dance_club_becter,
          gammafunk_ghost_icy, uniq_grinder, uniq_jessica
D:4:      layout_rooms, grunt_temple_overflow_magic_moments,
          mainiacjoe_overflow_catwalk, corexii_item_surrounded_by_moat,
          nicolae_figureground_sparkle, uniq_edmund, uniq_menkaure
D:5:      layout_cave_pools, kennysheep_little_box,
          mainiacjoe_overflow_alcove_3, uniq_crazy_yiuf_cottage
D:6:      layout_gridville, slow_altar_1, lightli_ossuary_entry_decrepit_ruins,
          uniq_sigmund
D:7:      layout_loops_ring, minmay_temple_entry_mini_moons, serial_shops, shop
D:8:      minmay_distorted_concentric_squares, layout_gridville,
          gammafunk_ghost_wrathful_warriors
D:9:      layout_gridville, erik_lair_orcish_takeover, enter_bailey_2,
          uniq_psyche
D:10:     layout_cross, nicolae_elyvilon_peaceful_grove,
          mainiacjoe_overflow_six_doors_small, serial_glass, glass_columns_a,
          glass_columns_b, glass_columns_c, glass_columns_a, glass_columns_a,
          glass_columns_a, glass_columns_a, glass_columns_a
D:11:     layout_stronghold, orc_0_dummy, portal_ice_cave_entry_imps
Lair:1:   layout_chaotic_city, ebering_ghost_funeral_grove, beast_lair_carwin_2,
          grunt_megastairs_2
Lair:2:   regret_index_combs_of_tragedy, layout_loops_ring,
          minmay_snake_entry_guardpost_small, basic_altar,
          infiniplex_staircase_pool_2
Lair:3:   layout_misc_corridors, ebering_ghost_xom, enter_volcano_4,
          uniq_amaemon
Lair:4:   layout_regular_city, minmay_shoals_entry_hut, grunt_megastairs_3
Lair:5:   layout_gridlike
Lair:6:   grunt_lair_end_beastmaster, layout_loops_ring, slime_entry_1,
          ebering_ghost_xom
Orc:1:    layout_diamond_mine, serial_shops, shop, uniq_erolcha, uniq_harold
Orc:2:    st_orc_open, layout_caves, serial_shops, nicolae_shop_waterfront

Skill      XL: |  1  2  3  4  5  6  7  8  9 10 11 12 13 14 |
---------------+-------------------------------------------+-----
Polearms       | 4 5 6 7 8 10 11 12 13 15 | 15.9
Fighting       | 3 4 5 6 8 9 11 12 13 14 15 | 15.7
Dodging        | 4 |  4.0
Armour         | 1 3 4 5 7 8 10 11 13 14 15 | 15.2
Invocations    | 1 4 |  4.2
Evocations     | 4 6 7 8 9 |  9.9
Shields        | 2 6 8 10 | 10.3
Throwing       | |  2.0

Action                   |  1- 3 |  4- 6 |  7- 9 | 10-12 | 13-15 || total
-------------------------+-------+-------+-------+-------+-------++-------
Melee: Trident           |   100 |   115 |   312 |   514 |   762 ||  1803
       Headbutt          |     7 |    19 |    47 |   104 |   158 ||   335
       Flail             |       |       |     3 |       |       ||     3
       Punch             |       |       |     2 |     4 |       ||     6
       Unarmed           |       |       |     1 |       |       ||     1
Throw: Throwing net      |       |     6 |     2 |       |       ||     8
       Dart              |       |       |    18 |     4 |     5 ||    27
       Javelin           |       |       |     6 |       |     2 ||     8
Invok: Recall Undead Har |       |       |     1 |     4 |     2 ||     7
Evoke: Wand              |       |       |       |     1 |     6 ||     7
  Use: Scroll            |     3 |       |     8 |     6 |     9 ||    26
       Potion            |       |       |     5 |       |     4 ||     9
 Stab: Held in net/web   |       |     1 |       |       |       ||     1
       Invisible         |       |       |       |     1 |       ||     1
       Distracted        |       |       |       |     3 |     6 ||     9
       Petrifying        |       |       |       |       |     1 ||     1
Armor: Leather armour    |    23 |       |       |       |       ||    23
       Ring mail         |     6 |    18 |    34 |       |       ||    58
       Chain mail        |       |       |    87 |   170 |   209 ||   466
       Skin              |       |       |    31 |       |       ||    31
       Ice dragon scales |       |       |       |       |    43 ||    43
Dodge: Dodged            |    51 |    45 |   122 |   149 |   182 ||   549
Block: Other             |       |       |       |    10 |       ||    10
       Kite shield       |       |       |       |    19 |   236 ||   255

Table legend: (Time is in decaauts)
 A = Elapsed time spent in this place.
 B = Non-inter-level travel time spent in this place.
 C = Inter-level travel time spent in this place.
 D = Time resting spent in this place.
 E = Time spent auto-exploring this place.
 F = Levels seen in this place.
 G = Mean time per level.
                   A        B        C        D        E       F      G
               +--------+--------+--------+--------+--------+-----+--------+
         Total |  23884 |  22647 |   1237 |   3518 |  14131 |  22 | 1085.6 |
       Dungeon |  11639 |  10846 |    793 |   1040 |   7547 |  11 | 1058.1 |
          Lair |   8976 |   8550 |    426 |   1158 |   5867 |   6 | 1496.0 |
  Orcish Mines |   1611 |   1594 |     17 |   1054 |    243 |   2 |  805.5 |
       Ossuary |    370 |    370 |      0 |    124 |    139 |   1 |  370.0 |
      Ice Cave |    968 |    968 |      0 |    141 |    334 |   1 |  968.0 |
       Volcano |    318 |    318 |      0 |      0 |      0 |   1 |  318.0 |
               +--------+--------+--------+--------+--------+-----+--------+

Top non-repeatable levels by time:
  Lair:2: 2080 daAuts
     D:8: 1757 daAuts
  Lair:6: 1665 daAuts
  Lair:5: 1540 daAuts
     D:9: 1444 daAuts
  Lair:3: 1411 daAuts
   Orc:1: 1393 daAuts
     D:3: 1269 daAuts
  Lair:1: 1228 daAuts
     D:5: 1132 daAuts
     D:6: 1077 daAuts
  Lair:4: 1050 daAuts
    D:11: 982 daAuts
   IceCv: 968 daAuts
     D:2: 919 daAuts
